 Dungeon Crawl Stone Soup version 0.21.0-3-g78d12a8 (webtiles) character file.

135 Gobbopathe the Insei (level 5, 0/26 HPs)
             Began as a Vine Stalker Transmuter on Jan 9, 2018.
             Slain by an ogre
             ... wielding a +0 giant club
              (11 damage)
             ... on level 4 of the Dungeon.
             The game lasted 00:06:12 (3054 turns).

Gobbopathe the Insei (Vine Stalker Transmuter)      Turns: 3054, Time: 00:06:13

Health: 0/26       AC:  2    Str: 13    XL:     5   Next: 18%
Magic:  0/10       EV: 19    Int: 14    God:
Gold:   125        SH:  0    Dex: 19    Spells: 3/9 levels left

rFire    . . .     SeeInvis .     - Unarmed
rCold    . . .     Gourm    +   (shield currently unavailable)
rNeg     . . .     Faith    .   (armour currently unavailable)
rPois    x         Spirit   +   (helmet currently unavailable)
rElec    .         Reflect  .   (cloak currently unavailable)
rCorr    .         Harm     .   (gloves currently unavailable)
MR       .....                  (boots currently unavailable)
Stlth    +++.......             g - amulet of the gourmand
HPRegen  0.48/turn              u - ring of stealth
MPRegen  0.12/turn              (no ring)

@: spider-form
A: tiny, regeneration 1, magic shield, no potion heal 3, rot immunity
a: End Transformation


You were on level 4 of the Dungeon.
You were not hungry.
You were a venomous arachnid creature.
You visited 1 branch of the dungeon, and saw 4 of its levels.

You collected 125 gold pieces.

Inventory:

Hand Weapons
 k - a +0 hunting sling
Missiles
 a - 44 arrows
 f - 44 stones (quivered)
 j - 43 sling bullets
Armour
 l - a +2 buckler (melded)
 r - a +0 leather armour (melded)
Jewellery
 g - an amulet of the gourmand (around neck)
 u - a ring of stealth (left front leg)
Wands
 s - a wand of paralysis (8)
Scrolls
 h - 3 scrolls of identify {unknown}
 i - 2 scrolls of noise {unknown}
 p - a scroll of teleportation {unknown}
Potions
 b - 3 potions of lignification {unknown}
 e - 2 potions of might {unknown}
 m - a potion of agility {unknown}
 n - 4 potions of curing {unknown}
 q - a potion of brilliance {unknown}
 t - a potion of haste
Books
 c - a book of Changes

   Spells                             Type                      Level
   a - Beastly Appendage              Transmutation                1
   b - Sticks to Snakes               Transmutation                2
   c - Spider Form                    Transmutation/Poison         3
   d - Ice Form                       Ice/Transmutation            4
   e - Blade Hands                    Transmutation                5
Comestibles
 d - 9 rations


   Skills:
 + Level 1.7 Fighting
 - Level 1.5 Dodging
 + Level 0.7 Shields
 * Level 4.1 Unarmed Combat
 + Level 2.8 Spellcasting
 * Level 3.2 Transmutations


You had 3 spell levels left.
You knew the following spells:

 Your Spells              Type           Power        Failure   Level  Hunger
a - Beastly Appendage     Tmut           ##....       17%         1    #......
b - Sticks to Snakes      Tmut           ##......     22%         2    ##.....
c - Spider Form           Tmut/Pois      #.........   54%         3    ###....


Dungeon Overview and Level Annotations

Branches:
Dungeon (4/15)
 Temple: D:4-7

Altars:


Innate Abilities, Weirdness & Mutations

((You have extremely sharp teeth.))
Your natural rate of healing is unusually fast.
When hurt, damage is shared between your health and your magic reserves.
((Your bite disrupts and absorbs the magic of your enemies.))
Potions cannot restore your health.
You are immune to rotting.


Message History

e - 2 yellow potions (gained 1)
An ogre comes into view. It is wielding a giant club.
You see here 19 gold pieces.
Casting: Beastly Appendage
Confirm with . or Enter, or press ? or * to list all spells.
You turn into a venomous arachnid creature.
Your +2 buckler melds into your body.
Your +0 leather armour melds into your body.
Unknown command.
You hit the ogre but do no damage. The ogre misses you.
You hit the ogre.
The ogre is poisoned.
The ogre is lightly wounded.
You completely miss the ogre.
The ogre is lightly wounded.
The ogre hits you with a giant club!!
Ouch! That really hurt!
You hit the ogre.
The ogre is heavily wounded.
The ogre hits you with a giant club!
You die...

#####. ...... ###
<$.... ..# ####
.#...#.###.# #..
...#....##.# #.#
......##.####.###
.###.#.........$s.#
.....$.....####.#O#
######.#### #.....
####.#### ###.###
#.......# .#
#.......# .#
#.......# ..
#.......# #.
#.......#


You could see an ogre.

Vanquished Creatures
  An orc wizard (D:3)
  3 adders
  A worm (D:2)
  2 dart slugs (D:1)
  2 leopard geckos (D:1)
  4 orcs (D:3)
  A ball python (D:2)
  A bat (D:2)
  A giant cockroach (D:1)
  9 goblins
  10 hobgoblins
  9 jackals
  8 kobolds
  3 quokkas
  4 frilled lizards
  6 rats
65 creatures vanquished.

Notes
Turn   | Place    | Note
-------+----------+-------------------------------------------
     0 | D:1      | Gobbopathe the Vine Stalker Transmuter began the quest for the Orb.
     0 | D:1      | Reached XP level 1. HP: 9/9 MP: 4/4
   158 | D:1      | Reached skill level 1 in Fighting
   252 | D:1      | Reached XP level 2. HP: 14/14 MP: 4/6
   277 | D:1      | Learned a level 2 spell: Sticks to Snakes
   799 | D:1      | Reached XP level 3. HP: 18/18 MP: 5/7
   804 | D:1      | Learned a level 3 spell: Spider Form
  1789 | D:2      | Gained mutation: Your natural rate of healing is unusually fast. [Vine Stalker growth]
  1789 | D:2      | Reached XP level 4. HP: 15/22 MP: 3/9
  2441 | D:3      | Reached skill level 4 in Unarmed Combat
  2441 | D:3      | Reached XP level 5. HP: 8/26 MP: 3/10
  3048 | D:4      | Noticed an ogre
  3054 | D:4      | Slain by an ogre

Skill      XL: |  1  2  3  4 |
---------------+-------------+-----
Fighting       | 1 |  1.7
Transmutations | 3 |  3.2
Unarmed Combat | 4 |  4.1
Dodging        | |  1.5
Shields        | |  0.7
Spellcasting   | |  2.8

Action                   |  1- 3 |  4- 6 || total
-------------------------+-------+-------++-------
Melee: Unarmed           |   121 |   104 ||   225
       Bite              |    22 |    26 ||    48
       Kick              |    11 |     7 ||    18
       Headbutt          |     6 |     1 ||     7
       Punch             |     2 |       ||     2
Throw: Stone             |     1 |     3 ||     4
 Cast: Beastly Appendage |    23 |    10 ||    33
       Spider Form       |       |     1 ||     1
 Stab: Sleeping          |     1 |     2 ||     3
  Eat: Chunk             |     3 |    11 ||    14
Armor: Robe              |    12 |     5 ||    17
       Leather armour    |       |    10 ||    10
Dodge: Dodged            |    58 |    29 ||    87
Block: Buckler           |       |    16 ||    16
